 Dungeon Crawl Stone Soup version 0.30-a0-760-g5a9884bb7c (webtiles) character file.

Game seed: 3000943786463700

2030163 octoduck the Conqueror (level 27, 273/273 HPs)
             Began as a Hill Orc Fighter on Feb 7, 2023.
             Was a High Priest of Okawaru.
             Escaped with the Orb
             ... and 4 runes on Feb 11, 2023!
             The game lasted 06:13:33 (89438 turns).

octoduck the Conqueror (Hill Orc Fighter)          Turns: 89438, Time: 06:13:34

Health: 273/273    AC: 46    Str: 33    XL:     27
Magic:  45/45      EV: 12    Int: 12    God:    Okawaru [*****.]
Gold:   4256       SH: 22    Dex: 10    Spells: 13/26 levels left

rFire   + . .      SeeInvis +    O - +8 mithril axe "Arga" {speed, Will+}
rCold   + . .      Faith    .    Y - +0 tower shield {rC+}
rNeg    + + .      Spirit   .    I - +8 orange crystal plate armour {Archmagi, Int+3 Clar}
rPois   +          Reflect  .    (helmet restricted)
rElec   +          Harm     .    G - +2 cloak {Will+}
rCorr   +          Rampage  .    Z - +2 pair of gloves {hurl}
Will    +++++      Archmagi +    z - +2 pair of boots of Pathos {rPois rN+} Stlth Clarity +
                                 i - amulet of Vitality {RegenMP++ Regen++}
HPRegen 2.25/turn                H - ring "Jaqunut" {Fire rElec rN+ MP+9 Stlth+}
MPRegen 1.09/turn                N - ring "Anunuere" {rC+ Will+ rCorr Int+3 SInv}

@: hasted (expiring), studying 3 skills, very quick
A: horns 1, iridescent scales 2, berserk 1, deformed body, dopey 1, sense
surroundings 1, sturdy frame 1
0: Orb of Zot
}: 4/15 runes: barnacled, slimy, silver, gossamer
a: Renounce Religion, Heroism, Finesse, Duel


You escaped.
You worshipped Okawaru.
Okawaru was extremely pleased with you.
You visited 11 branches of the dungeon, and saw 55 of its levels.
You also visited: Trove and Ice Cave.

You collected 7713 gold pieces.
You spent 3457 gold pieces at shops.

Inventory:

Hand Weapons
 O - the +8 mithril axe "Arga" (weapon) {speed, Will+}
   (Okawaru gifted it to you on level 5 of the Lair of Beasts)

   Will:      It increases your willpower.
Missiles
 h - 3 boomerangs of dispersal
 k - 5 javelins (quivered)
 v - 3 throwing nets
 A - 2 curare-tipped darts
 B - 17 atropa-tipped darts
 L - 14 silver javelins
Armour
 z - the +2 pair of boots of Pathos (worn) {rPois rN+}
   (Okawaru gifted it to you on level 2 of the Orcish Mines)

   rPois:     It protects you from poison.
   rN:        It protects you from negative energy.
 G - a +2 cloak of willpower (worn)
 I - the +8 orange crystal plate armour (worn) {Archmagi, Int+3 Clar}
   (Okawaru gifted it to you in an ice cave)

   Int:       It affects your intelligence (+3).
   Clar:      It protects you against confusion.
 P - a +2 helmet of intelligence
 W - a +2 pair of boots of rampaging
 Y - a +0 tower shield of cold resistance (worn)
 Z - a +2 pair of gloves of hurling (worn)
Jewellery
 i - the amulet of Vitality (around neck) {RegenMP++ Regen++}
   (You found it in a treasure trove)

   [amulet of magic regeneration]

   It increases your rate of magic regeneration.
   Regen:     It increases your rate of health regeneration.
 H - the ring "Jaqunut" (left hand) {Fire rElec rN+ MP+9 Stlth+}
   (You found it on level 5 of the Pits of Slime)

   [ring of fire]

   It enhances your fire magic.
   rF:        It protects you from fire.
   rC:        It makes you vulnerable to cold.
   rElec:     It insulates you from electricity.
   rN:        It protects you from negative energy.
   MP:        It affects your magic capacity (+9).
   Stlth:     It makes you more stealthy.
 K - the amulet "Veryud" {Reflect rCorr Dex+2 SH+5}
   (You found it on level 14 of the Dungeon)

   [amulet of reflection]

   It reflects blocked missile attacks.
   Dex:       It affects your dexterity (+2).
   rCorr:     It protects you from acid and corrosion.
   SH:        It affects your SH (+5).
 N - the ring "Anunuere" (right hand) {rC+ Will+ rCorr Int+3 SInv}
   (You acquired it on level 2 of the Shoals)

   [ring of resist corrosion]

   Int:       It affects your intelligence (+3).
   rC:        It protects you from cold.
   SInv:      It lets you see invisible.
   rCorr:     It protects you from acid and corrosion.
   Will:      It increases your willpower.
 R - a ring of protection from cold
Wands
 a - a wand of iceblast (15)
 b - a wand of mindburst (33)
 l - a wand of flame (136)
 m - a wand of light (14)
 s - a wand of paralysis (39)
 C - a wand of digging (11)
Scrolls
 c - 11 scrolls of blinking
 e - 3 scrolls of amnesia
 g - 9 scrolls of fear
 t - 16 scrolls of teleportation
 w - 8 scrolls of enchant weapon
 x - 9 scrolls of fog
 y - 2 scrolls of silence
 D - a scroll of brand weapon
 X - 3 scrolls of magic mapping
Potions
 d - 7 potions of might
 f - 3 potions of invisibility
 j - 7 potions of brilliance
 o - a potion of mutation
 p - 17 potions of flight
 q - 16 potions of heal wounds
 E - 27 potions of curing
 M - 3 potions of cancellation
 Q - 3 potions of berserk rage
 T - 3 potions of resistance
 U - 5 potions of magic
 V - 9 potions of haste
Miscellaneous
 n - a phial of floods
 r - a lightning rod (3/4)
 u - a tin of tremorstones (2/2)
 S - a condenser vane


   Skills:
 O Level 27 Fighting
 - Level 20.0 Axes
 - Level 9.3 Throwing
 - Level 24.3 Armour
 - Level 13.7 Dodging
 - Level 24.4 Shields
 - Level 10.2 Translocations
 - Level 11.2 Air Magic
 - Level 18.2 Invocations
 + Level 19.0 Evocations


You had 13 spell levels left.
You knew the following spells:

 Your Spells              Type           Power      Damage    Failure   Level
a - Blink                 Tloc           72%        N/A       4%          2
b - Apportation           Tloc           72%        N/A       2%          1
c - Vhi's Electric Charg  Tloc/Air       76%        N/A       7%          3
d - Swiftness             Air            40%        N/A       5%          3
e - Manifold Assault      Tloc           36%        N/A       26%         4

Your spell library contained the following spells:

 Spells                   Type           Power      Damage    Failure   Level
 Lesser Beckoning         Tloc           72%        N/A       4%          2
 Gell's Gravitas          Tloc           36%        N/A       9%          3
 Teleport Other           Tloc           36%        N/A       9%          3
 Poisonous Vapours        Pois/Air       40%        N/A       28%         2
 Kindle Blastsparks       Fire/Tloc/Air  76%        2d16      30%         3
 Momentum Strike          Conj/Tloc      36%        3d9       34%         2
 Cigotuvi's Dreadful Rot  Necr/Pois/Air  26%        N/A       52%         2
 Portal Projectile        Hex/Tloc       36%        N/A       56%         3
 Mephitic Cloud           Conj/Pois/Air  13%        N/A       77%         3
 Foxfire                  Conj/Fire      0%         2x1d4     88%         1
 Freeze                   Ice            0%         1d3       88%         1
 Kiss of Death            Conj/Necr      0%         2d5       88%         1
 Magic Dart               Conj           0%         1d3       88%         1
 Necrotise                Necr           0%         1d4       88%         1
 Sandblast                Erth           0%         2d4       88%         1
 Sting                    Tmut/Pois      0%         1d3       88%         1
 Iskenderun's Mystic Bla  Conj/Tloc      18%        2d6       92%         4
 Ensorcelled Hibernation  Hex/Ice        0%         N/A       95%         2
 Passwall                 Tmut/Erth      0%         N/A       95%         2
 Scorch                   Fire           0%         2d5       95%         2
 Sublimation of Blood     Necr           0%         N/A       95%         2
 Confusing Touch          Hex            0%         N/A       99%         3
 Dazzling Flash           Conj/Hex       0%         N/A       99%         3
 Hailstorm                Conj/Ice       0%         3d3       99%         3
 Ignite Poison            Fire/Tmut/Pois 0%         N/A       99%         3
 Inner Flame              Hex/Fire       0%         N/A       99%         3
 Arcjolt                  Conj/Air       10%        1d20      99%         5
 Silence                  Hex/Air        10%        N/A       99%         5
 Dispersal                Tloc           18%        N/A       99%         6
 Anguish                  Hex/Necr       0%         N/A       100%        4
 Cause Fear               Hex            0%         N/A       100%        4
 Dispel Undead            Necr           0%         3d6       100%        4
 Flame Wave               Conj/Fire      0%         2d4       100%        4
 Fulminant Prism          Conj/Hex       0%         3d5       100%        4
 Ice Form                 Ice/Tmut       0%         N/A       100%        4
 Leda's Liquefaction      Hex/Erth       0%         N/A       100%        4
 Olgreb's Toxic Radiance  Pois           0%         N/A       100%        4
 Petrify                  Tmut/Erth      0%         N/A       100%        4
 Sticky Flame             Conj/Fire      0%         2d3       100%        4
 Agony                    Necr           0%         N/A       100%        5
 Blade Hands              Tmut           0%         N/A       100%        5
 Fireball                 Conj/Fire      0%         3d3       100%        5
 Freezing Cloud           Conj/Ice/Air   6%         6-21      100%        5
 Irradiate                Conj/Tmut      0%         3d11      100%        5
 Iskenderun's Battlesphe  Conj           0%         2d6       100%        5
 Lee's Rapid Deconstruct  Erth           0%         3d4*      100%        5
 Yara's Violent Unravell  Hex/Tmut       0%         3d3       100%        5
 Iron Shot                Conj/Erth      0%         9d1       100%        6
 Starburst                Conj/Fire      0%         6d3       100%        6
 Statue Form              Tmut/Erth      0%         N/A       100%        6
 Dragon Form              Tmut           0%         N/A       100%        7
 Enfeeble                 Hex            0%         N/A       100%        7
 Ozocubu's Refrigeration  Ice            0%         4d7       100%        7
 Storm Form               Tmut/Air       10%        N/A       100%        7
 Borgnjor's Revivificati  Necr           0%         N/A       100%        8
 Discord                  Hex            0%         N/A       100%        8
 Ignition                 Fire           0%         3d3       100%        8
 Maxwell's Capacitive Co  Air            20%        ∞         100%        8
 Necromutation            Tmut/Necr      0%         N/A       100%        8
 Death's Door             Necr           0%         N/A       100%        9
 Polar Vortex             Ice            0%         N/A       100%        9
 Summon Small Mammal      Summ           Unusable   N/A       N/A         1
 Call Imp                 Summ           Unusable   N/A       N/A         2
 Call Canine Familiar     Summ           Unusable   N/A       N/A         3
 Summon Guardian Golem    Hex/Summ       Unusable   N/A       N/A         3
 Tukima's Dance           Hex            Unusable   N/A       N/A         3
 Death Channel            Necr           Unusable   N/A       N/A         6
 Simulacrum               Ice/Necr       Unusable   N/A       N/A         6
 Summon Cactus Giant      Summ           Unusable   N/A       N/A         6
 Spellforged Servitor     Conj/Summ      Unusable   N/A       N/A         7
 Dragon's Call            Summ           Unusable   N/A       N/A         9

Dungeon Overview and Level Annotations

Branches:
Dungeon (15/15)            Temple (0/1) D:5            Lair (5/5) D:11
 Shoals (4/4) Lair:3       Spider (4/4) Lair:2        Slime (5/5) Lair:5
    Orc (2/2) D:12            Elf (3/3) Orc:2        Vaults (5/5) D:14
  Crypt (3/3) Vaults:3       Tomb (0/3) Crypt:3      Depths (4/4) D:15
    Zot (5/5) Depths:4      IceCv (visited)

Altars:
Ashenzari
Dithmenos
Elyvilon
Fedhas
Hepliaklqana
Kikubaaqudgha
Makhleb
Okawaru
Qazlal
Ru
Sif Muna
Trog
Uskayaw
Vehumet
Wu Jian
Xom
Yredelemnul
Zin
The Shining One
Jiyva

Shops:
D:5 (   D:7 (   D:8 *   D:10 [   D:11 :   Orc:1 *   Orc:2 (==(   Elf:1 *=[[
Elf:2 *   Elf:3 (   Vaults:2 (   Vaults:4 =   Vaults:5 ?   Depths:1 :?
Depths:3 =:=

Portals:
Hell: Depths:1 Depths:2 Depths:3 Depths:4
Abyss: Depths:3
Pandemonium: Depths:2
Ziggurat: Depths:2

Annotations:
Crypt:2 3 runed translucent doors, Bavo's ghost, adept GrFi
Depths:4 1 runed translucent door


Innate Abilities, Weirdness & Mutations

You have a pair of small horns on your head.
You are mostly covered in iridescent scales. (AC +4)
You sometimes lose your temper in combat.
Armour fits poorly on your strangely shaped body.
You are dopey. (Int -2)
You passively map a small area around you.
Your movements are slightly less encumbered by armour. (ER -2)


Message History

You block the demonic crawler's attack.
You slash the demonic crawler! You headbutt the demonic crawler!
The demonic crawler is severely wounded.
You slash the demonic crawler! You headbutt the demonic crawler.
The demonic crawler is almost dead.
You slice the demonic crawler!!
You kill the demonic crawler!
Okawaru accepts your kill.
You see here a demonic crawler corpse.
There is an open door here.
Your extra speed is starting to run out.
You feel yourself slow down.
There is an open door here.
You feel yourself speed up.
There is an open door here.
There is an open door here.
There is an open door here.
There is an open door here.
A hellwing is nearby!
There is an open door here.
You block the hellwing's attack. The hellwing closely misses you.
You slice the hellwing!!
You headbutt the hellwing, but do no damage.
The hellwing is moderately wounded.
You slice the hellwing!!
You kill the hellwing!
Okawaru accepts your kill.
There is an open door here.
Okay, then.
There is an open door here.
Aiming: Dig
Press: ? - help, Shift-Dir - straight line A rock wall.
This square is covered in magical glow.
The rock shatters into small pieces.
Your extra speed is starting to run out.
There is an open door here.
There is a staircase leading out of the dungeon here.
You can't go down here!
You have escaped!

#.x.################†.#.#.
#.#.#......'.......##.#.#.
#.#2#.############.##.#.##
#.#○#.#....'.....#.##.#.##
#☼#○#.#.#.######.#.##.#.#
#☼#○#.#.#..'...#.#.##.#.#
#.○°#.#.#..###.#.#.##.#.#
#'#○#'#'#'##>#.#.#.#..#.#
#.#.#.#.#@##'#'#'#'#.##.#
#.#○#.#.#.##.#.#.#.#.##.##
#.#4#.#...'..#.#.#.#.##...
#.#.#.########.#.#.#.#####
#.#.#.....'....#.#.#.#####
#.#.############.#.#......
#.#...†..4'......#.#######
#.################.#
#.........'........#


There were no monsters in sight!

Vanquished Creatures
  3 dread liches
  5 ancient liches
  3 orbs of fire
  Boris (twice) (Depths:4 Vaults:3)
  6 Killer Klowns (Zot:5)
  Bai Suzhen (Vaults:4)
  Vv (Depths:4)
  A shard shrike (Arena)
  A curse toe (Crypt:2)
  Frederick (Depths:4)
  10 golden dragons
  Nikola (Spider:3)
  4 caustic shrikes (Depths:4)
  the Enchantress (D:15)
  Arachne (Spider:3)
  The ghost of Omiorith the Warrior, an adept GrFi of Cheibriados (Crypt:3)
  A bone dragon (Depths:4)
  3 electric golems
  19 tentacled monstrosities
  6 liches
  Mlioglotl (Lair:3)
  3 deep elf blademasters
  26 Orb Guardians
  2 walking divine tomes (Depths:2)
  The ghost of Foxy the Warrior, an adept KoEn of Dithmenos (Elf:1)
  A deep elf master archer (Elf:3)
  2 titans
  17 acid blobs
  6 ancient champions
  6 quicksilver dragons
  11 death cobs
  7 tengu reavers
  10 sphinxes
  Agnes (Spider:4)
  16 storm dragons
  10 shadow dragons
  7 draconian monks
  8 azure jellies
  Roxanne (Shoals:3)
  A revenant (Crypt:1)
  Donald (Orc:2)
  10 rockslimes
  6 fire giants
  7 draconian knights
  14 vault wardens
  2 emperor scorpions
  An iron dragon (Vaults:5)
  3 draconian scorchers
  10 frost giants
  8 deep elf sorcerers
  4 draconian stormcallers
  9 ghost moths
  3 curse skulls (Crypt:2)
  7 deep elf elementalists
  10 draconian shifters
  An orc warlord (Orc:2)
  A caustic shrike skeleton (Crypt:2)
  11 quicksilver oozes
  A reaper (Crypt:2)
  37 very ugly things
  3 war gargoyles (Vaults:5)
  4 draconian annihilators
  5 ghouls (Crypt:2)
  The ghost of Ipintine the Ruinous, a journeyman TeCj of Qazlal (Orc:1)
  7 ironbound thunderhulks
  A broodmother (Spider:2)
  22 ironbound preservers
  5 spriggan defenders
  16 stone giants
  A rockslime zombie (Crypt:3)
  The ghost of Jimimammeo the Fighter, a journeyman VSFi of Uskayaw (Spider:4)
  22 dire elephants
  12 green draconians
  8 vampire knights
  18 purple draconians
  6 deep elf annihilators
  7 yellow draconians
  The ghost of Paptupha the Markself, a journeyman DEHu of Hepliaklqana (Orc:1)
  Azrael (D:14)
  14 red draconians
  5 deep elf demonologists
  11 black draconians
  The ghost of bigduke15 the Devastator, a journeyman DECj of Vehumet (Orc:2)
  8 white draconians
  12 ettins
  6 spark wasps
  11 jiangshi
  3 eidola
  A green death (Depths:2)
  8 deep elf death magi
  9 merfolk impalers
  4 merfolk javelineers
  19 yaktaur captains
  12 deep elf high priests
  The ghost of Kuoschy the Carver, a journeyman OpDe of Gozag (Orc:1)
  9 fire dragons
  9 entropy weavers
  Harold (D:9)
  9 great orbs of eyes
  5 ice dragons
  9 hydras
  32 vault guards
  3 salamander tyrants (Depths:4)
  4 rakshasas
  A spriggan skeleton (Crypt:3)
  Erolcha (Orc:1)
  2 alligator snapping turtles
  3 ogre magi
  6 jorogumos
  7 radroaches
  4 merfolk avatars
  3 catoblepae (Lair:5)
  7 centaur warriors
  3 death knights
  4 satyrs
  Erica (Lair:2)
  5 spriggan air magi
  4 merfolk aquamancers
  9 ironbound frosthearts
  8 tengu warriors
  7 boulder beetles
  4 two-headed ogres
  2 alligators (Shoals:2)
  20 death yaks
  6 deep troll earth magi
  A fenstrider witch skeleton (Crypt:1)
  28 dancing weapons
  9 deep troll shamans
  3 orc high priests (Orc:2)
  3 hell knights (Depths:2)
  8 vampire magi
  Urug (Orc:2)
  7 spriggan berserkers
  An emperor scorpion zombie (Crypt:3)
  A titan skeleton (Vaults:3)
  2 sixfirhies (Depths:2)
  2 soul eaters
  6 pharaoh ants
  A salamander mystic (Depths:3)
  10 iron trolls
  4 sun moths
  24 deep elf knights
  25 skeletal warriors
  2 goliath frogs (Shoals:2)
  14 sea snakes
  2 shadow wraiths
  67 deep trolls
  A storm dragon skeleton (Crypt:1)
  3 bog bodies (Crypt:2)
  5 glowing orange brains
  2 shadow demons
  6 flayed ghosts
  2 spriggan simulacra (Crypt:1)
  14 orb spiders
  13 phantasmal warriors
  An obsidian statue (Zot:5)
  12 wizards
  7 orc knights
  17 deep elf archers
  25 deep elf zephyrmancers
  18 ironbound convokers
  31 deep elf pyromancers
  6 necromancers
  5 orc sorcerers
  9 steelbarb worms
  10 lindwurms (Vaults:1)
  24 wolf spiders
  41 ugly things
  A sphinx zombie (Crypt:1)
  21 harpies
  4 salamanders
  A frost giant zombie (Vaults:3)
  A large abomination (D:9)
  An eleionoma zombie (Crypt:3)
  18 fauns
  7 cyclopes
  20 manticores
  9 shining eyes
  7 merfolk sirens
  31 moths of wrath
  A water nymph (Shoals:4)
  A titan simulacrum (Vaults:3)
  11 black mambas
  6 demonic crawlers
  A guardian serpent (shapeshifter) (D:15)
  17 elephants
  5 torpor snails
  Maggie (D:9)
  2 dire elephant zombies
  A frost giant skeleton (Crypt:3)
  Maurice (D:12)
  A rust devil (Depths:2)
  18 vault sentinels
  An ice statue (IceCv)
  2 gargoyles (D:11)
  13 cane toads
  4 eyes of devastation
  26 yaktaurs
  A kobold demonologist (D:14)
  A dire elephant skeleton (Crypt:2)
  10 komodo dragons
  3 unseen horror zombies (D:9)
  10 freezing wraiths
  3 rime drakes
  3 ice devils
  4 guardian mummies
  6 tengu conjurers
  An orb spider zombie (Crypt:1)
  2 trolls (shapeshifter)
  A hellwing (D:1)
  14 merfolk
  A hydra zombie (Crypt:1)
  A meliai (Spider:4)
  21 polar bears
  6 trolls
  A wind drake (shapeshifter) (D:10)
  4 raiju (Lair:5)
  5 hornets
  5 wind drakes
  24 tarantellas
  9 blink frogs
  A radroach zombie (Crypt:1)
  7 snapping turtles
  3 dream sheep (Lair:5)
  A raiju (shapeshifter) (D:12)
  A jumping spider (shapeshifter) (Depths:2)
  A guardian serpent skeleton (Crypt:2)
  A centaur simulacrum (D:12)
  18 water elementals
  2 flying skulls
  A spriggan (shapeshifter) (Elf:3)
  8 wraiths
  20 culicivoras
  3 air elementals
  16 jumping spiders
  A shadow (D:10)
  A vampire (D:12)
  6 fire elementals
  96 slime creatures
  7 spriggans
  A ynoxinul (D:14)
  70 yaks
  10 wyverns
  A human (Lair:5)
  Grum (D:9)
  7 basilisks
  2 steam dragons
  5 vampire mosquitoes
  A neqoxec (Depths:2)
  6 golden eyes
  61 redbacks
  10 wargs
  An elf skeleton (Vaults:3)
  A water moccasin (shapeshifter) (D:14)
  A glowing shapeshifter zombie (Vaults:3)
  15 water moccasins
  4 acid dragons
  An entropy weaver zombie (Crypt:1)
  37 orc warriors
  A demonspawn skeleton (Crypt:2)
  4 floating eyes
  14 hell hounds
  2 sky beasts
  2 ice beasts
  14 black bears
  12 ogres
  A wolf (shapeshifter) (Depths:2)
  6 centaurs
  A manticore skeleton (Crypt:3)
  An ogre (shapeshifter) (Vaults:5)
  33 wolves
  5 boggarts (Vaults:1)
  2 phantoms
  A swamp dragon skeleton (Crypt:2)
  A blink frog skeleton (Crypt:1)
  2 kobold brigands
  12 bullfrogs
  A gnoll sergeant (D:10)
  6 necrophages
  A draconian skeleton (Crypt:2)
  7 earth elementals
  2 scorpions (Lair:2)
  6 wights
  A polar bear skeleton (Crypt:3)
  An electric eel (D:11)
  A centaur zombie (D:9)
  18 orc priests
  7 hounds
  2 jellies (D:6)
  2 gnoll boudas
  A human zombie (D:9)
  3 iguanas
  34 orc wizards
  2 polar bear simulacra (Lair:1)
  A naga zombie (Crypt:2)
  An ice beast zombie (Crypt:3)
  A deep dwarf skeleton (Crypt:2)
  A mummy (D:9)
  16 gnolls
  14 adders
  A shadow imp (D:6)
  An adder zombie (Crypt:1)
  4 worms
  2 dart slugs
  93 orcs
  6 ball pythons
  A bat zombie (Crypt:3)
  7 endoplasms
  6 giant cockroaches
  5 goblins
  4 hobgoblins
  6 jackals
  A quokka (D:1)
  A river rat zombie (Crypt:2)
  A ball python skeleton (Crypt:1)
  14 bats
  A frilled lizard (D:1)
  17 kobolds
  3 rats
  A rat skeleton (Crypt:3)
2497 creatures vanquished.

Vanquished Creatures (others)
  A tentacled monstrosity (Vaults:5)
  A draconian knight (Zot:1)
  A ghost moth (Spider:4)
  A vault guard (Vaults:5)
  An ogre mage (D:14)
  A deep troll (Vaults:5)
  A wizard (D:12)
  28 fungi
  165 plants
  6 withered plants (D:2)
206 creatures vanquished.

Grand Total: 2703 creatures vanquished

Notes
Turn   | Place    | Note
-------+----------+-------------------------------------------
     0 | D:1      | octoduck the Hill Orc Fighter began the quest for the Orb.
     0 | D:1      | Reached XP level 1. HP: 19/19 MP: 1/1
   895 | D:1      | Reached XP level 2. HP: 26/26 MP: 2/2
  1440 | D:2      | Reached XP level 3. HP: 31/31 MP: 3/3
  1599 | D:2      | Found a faded altar of an unknown god.
  1668 | D:2      | Reached XP level 4. HP: 38/39 MP: 4/4
  1865 | D:2      | Reached skill level 5 in Axes
  2077 | D:3      | Noticed a +0 spear
  2078 | D:3      | Noticed a +0 spear
  2078 | D:3      | Noticed a +0 short sword
  2078 | D:3      | Noticed a +0 dagger
  2080 | D:3      | Noticed a +0 falchion
  2081 | D:3      | Noticed a +0 falchion
  2081 | D:3      | Noticed a +0 short sword
  2081 | D:3      | Noticed a +0 dagger
  2083 | D:3      | Found a hide-covered altar of Uskayaw.
  2269 | D:3      | Found an ornate altar of the Wu Jian Council.
  2323 | D:3      | Reached XP level 5. HP: 34/45 MP: 5/5
  2412 | D:3      | Found a hazy altar of Hepliaklqana.
  2583 | D:3      | Found a shimmering altar of Xom.
  2583 | D:3      | Found a shadowy altar of Dithmenos.
  2584 | D:3      | Found a glowing golden altar of the Shining One.
  3146 | D:4      | Noticed a phantom
  3260 | D:4      | Found an iron altar of Okawaru.
  3319 | D:4      | Became a worshipper of Warmaster Okawaru
  3482 | D:4      | Found a blossoming altar of Fedhas.
  3953 | D:4      | Killed a phantom
  3954 | D:4      | Reached skill level 5 in Shields
  3954 | D:4      | Reached XP level 6. HP: 48/51 MP: 6/6
  4381 | D:4      | Found a stormy altar of Qazlal.
  4425 | D:5      | Entered Level 5 of the Dungeon
  4440 | D:5      | Found a basalt altar of Yredelemnul.
  4440 | D:5      | Found a bloodstained altar of Trog.
  4440 | D:5      | Noticed a black bear
  4456 | D:5      | Killed a black bear
  4615 | D:5      | Reached * piety under Okawaru
  4653 | D:5      | Found a white marble altar of Elyvilon.
  4664 | D:5      | Reached XP level 7. HP: 50/57 MP: 7/7
  4745 | D:5      | Found Geuloits's Weapon Shop.
  5328 | D:4      | Reached skill level 10 in Axes
  5424 | D:5      | Found a staircase to the Ecumenical Temple.
  5647 | D:6      | Noticed a steam dragon
  5688 | D:6      | Reached XP level 8. HP: 60/64 MP: 8/8
  5693 | D:6      | Reached ** piety under Okawaru
  5918 | D:6      | Found a sacrificial altar of Ru.
  6015 | D:6      | Identified the +1 leather armour of Inviolability {rN+
                  | Regen+}
  6770 | D:7      | Found Qety's Antique Weapon Boutique.
  7273 | D:8      | Reached XP level 9. HP: 55/70 MP: 9/9
  7307 | D:8      | Reached *** piety under Okawaru
  7649 | D:8      | Found a radiant altar of Vehumet.
  7733 | D:8      | Found Zin's Purification Station.
  7733 | D:8      | Found a glowing silver altar of Zin.
  7804 | D:8      | Reached skill level 15 in Axes
  8146 | D:7      | Bought a war axe for 84 gold pieces
  8266 | D:9      | Noticed Grum
  8292 | D:8      | Reached **** piety under Okawaru
  8363 | D:9      | Killed Grum
  8464 | D:9      | Noticed a troll
  8465 | D:9      | Noticed Harold
  8497 | D:8      | Killed a troll
  8686 | D:9      | Reached skill level 1 in Invocations
  8801 | D:9      | Noticed Maggie
  8867 | D:9      | Killed Maggie
  8868 | D:9      | Reached XP level 10. HP: 51/77 MP: 10/12
  9014 | D:9      | Reached skill level 5 in Armour
  9129 | D:9      | Killed Harold
  9129 | D:9      | Received a gift from Okawaru
  9130 | D:9      | Reached skill level 5 in Invocations
  9417 | D:9      | Noticed a two-headed ogre
  9636 | D:9      | Reached ***** piety under Okawaru
  9637 | D:9      | Found an ancient bone altar of Kikubaaqudgha.
  9918 | D:9      | Reached XP level 11. HP: 64/82 MP: 17/17
 10056 | D:9      | Killed a two-headed ogre
 10461 | D:10     | Entered Level 10 of the Dungeon
 10788 | D:10     | Found Mijiur's Antique Armour Shop.
 10791 | D:10     | Bought a pair of glowing gloves for 187 gold pieces
 11201 | D:10     | Found a runed translucent door.
 11496 | D:10     | Found a hide-covered altar of Uskayaw.
 11510 | D:10     | Noticed a flayed ghost
 11545 | D:10     | Found a basalt altar of Yredelemnul.
 11555 | D:10     | Found a shimmering altar of Xom.
 11581 | D:10     | Reached skill level 10 in Invocations
 11610 | D:10     | Found a sacrificial altar of Ru.
 11627 | D:10     | Found a shimmering blue altar of Sif Muna.
 11696 | D:10     | Received a gift from Okawaru
 11860 | D:10     | Found a burning altar of Makhleb.
 11921 | D:10     | Killed a flayed ghost
 11922 | D:10     | Reached skill level 10 in Armour
 11928 | D:10     | Identified the ring of Ashenzari's Grace {Fly rC+ Dex+6}
 12472 | D:11     | Noticed a boulder beetle
 13040 | D:11     | Killed a boulder beetle
 13149 | D:11     | Found Pany's Book Shop.
 13190 | D:11     | Noticed a manticore
 13210 | D:11     | Killed a manticore
 13354 | D:11     | Reached XP level 12. HP: 83/91 MP: 20/20
 13485 | D:11     | Noticed a boulder beetle
 13503 | D:11     | Killed a boulder beetle
 13504 | D:11     | Reached skill level 4 in Fighting
 13549 | D:11     | Found a staircase to the Lair.
 13779 | D:11     | Reached skill level 5 in Fighting
 14230 | D:12     | Found a staircase to the Orcish Mines.
 14526 | D:12     | Noticed a death knight
 14552 | D:12     | Killed a death knight
 14553 | D:12     | Reached skill level 6 in Fighting
 14820 | Lair:1   | Entered Level 1 of the Lair of Beasts
 14954 | Lair:1   | Found a frozen archway.
 14998 | IceCv    | Entered an ice cave
 15127 | IceCv    | Reached skill level 7 in Fighting
 15129 | IceCv    | Received a gift from Okawaru
 15426 | IceCv    | Reached skill level 8 in Fighting
 15571 | IceCv    | Noticed a death yak
 15594 | IceCv    | Killed a death yak
 15595 | IceCv    | Reached skill level 1 in Dodging
 15595 | IceCv    | Reached XP level 13. HP: 71/107 MP: 19/21
 15925 | IceCv    | Noticed a frost giant
 15945 | IceCv    | Killed a frost giant
 15945 | IceCv    | Received a gift from Okawaru
 15945 | IceCv    | Found the +8 orange crystal plate armour {Archmagi, Int+3
                  | Clar}
 17477 | Lair:2   | Reached skill level 5 in Dodging
 17730 | Lair:2   | Noticed Erica
 17745 | Lair:2   | Killed Erica
 18074 | Lair:2   | Found a hole to the Spider Nest.
 18595 | Lair:3   | You are sucked into a shaft and drop 1 floor!
 18610 | Lair:3   | Identified the +1 great mace "Osap" {heavy, rPois rN+}
                  | (Okawaru gifted it to you on level 3 of the Lair of Beasts)
 18610 | Lair:3   | Received a gift from Okawaru
 18747 | Lair:3   | Found a staircase to the Shoals.
 18930 | Lair:3   | Reached ****** piety under Okawaru
 19171 | Lair:3   | Reached XP level 14. HP: 115/115 MP: 22/22
 20157 | Lair:4   | Reached skill level 9 in Fighting
 20262 | Lair:4   | Found a broken altar of Ashenzari.
 20502 | Lair:5   | Entered Level 5 of the Lair of Beasts
 20578 | Lair:5   | Received a gift from Okawaru
 21426 | Lair:5   | Reached skill level 10 in Fighting
 21610 | Lair:5   | Received a gift from Okawaru
 21726 | Lair:5   | Reached skill level 15 in Armour
 22262 | Lair:5   | Received a gift from Okawaru
 22442 | Lair:5   | Reached skill level 11 in Fighting
 22778 | Lair:5   | Reached XP level 15. HP: 129/130 MP: 23/23
 23107 | Lair:4   | Received a gift from Okawaru
 23356 | Lair:5   | Reached skill level 12 in Fighting
 23772 | Lair:5   | Identified the +1 flail of Weudity {holy, Str+2}
 23792 | Lair:5   | Found a staircase to the Slime Pits.
 23876 | Lair:5   | Received a gift from Okawaru
 23876 | Lair:5   | Found the +8 mithril axe "Arga" {speed, Will+}
 24194 | Lair:5   | Found a runed translucent door.
 24246 | Lair:5   | Upgraded the game from 0.30-a0-743-gbfdf073431 to
                  | 0.30-a0-748-ge6a52f7cba
 24707 | D:12     | Reached skill level 1 in Evocations
 24829 | D:12     | Found a runed translucent door.
 24951 | D:12     | Noticed Maurice
 24967 | D:12     | Killed Maurice
 25097 | D:12     | Identified the +8 plate armour of Minor Irritation {Contam
                  | rF+ Dex+3}
 25174 | D:12     | Reached skill level 5 in Evocations
 25182 | D:12     | Identified the +3 leather armour of Aceose {+Inv Int+6
                  | Dex-4}
 25587 | D:13     | Received a gift from Okawaru
 26554 | D:13     | Received a gift from Okawaru
 27182 | Orc:1    | Entered Level 1 of the Orcish Mines
 27309 | Orc:1    | Reached XP level 16. HP: 134/141 MP: 24/24
 27576 | Orc:1    | Found Jizxinidd's General Store.
 27579 | Orc:1    | Bought a scroll of blinking for 82 gold pieces
 27663 | Orc:2    | Entered Level 2 of the Orcish Mines
 28026 | Orc:2    | Found Anet's Weapon Shoppe.
 28410 | Orc:2    | Found a runed translucent gate.
 28410 | Orc:2    | Noticed bigduke15's ghost (journeyman DECj)
 28411 | Orc:2    | Found a staircase to the Elven Halls.
 28467 | Orc:2    | Noticed Urug
 28473 | Orc:2    | Noticed Donald
 28476 | Orc:2    | Killed Urug
 28488 | Orc:2    | Killed Donald
 28923 | Orc:2    | Found a runed translucent gate.
 28923 | Orc:2    | Found a runed translucent gate.
 29054 | Orc:2    | Killed bigduke15's ghost
 29212 | Orc:1    | Reached skill level 10 in Shields
 29271 | Orc:1    | Noticed Erolcha
 29273 | Orc:1    | Found a runed translucent gate.
 29273 | Orc:1    | Found a runed translucent gate.
 29273 | Orc:1    | Found a runed translucent gate.
 29278 | Orc:1    | Killed Erolcha
 29281 | Orc:1    | Noticed Kuoschy's ghost (journeyman OpDe)
 29281 | Orc:1    | Noticed Ipintine's ghost (journeyman TeCj)
 29281 | Orc:1    | Noticed Paptupha's ghost (journeyman DEHu)
 29297 | Orc:1    | Killed Kuoschy's ghost
 29299 | Orc:1    | Killed Paptupha's ghost
 29306 | Orc:1    | Killed Ipintine's ghost
 29357 | Orc:1    | Identified the ring of Heresy {Fly rC- Will+ Str+3 Int+4}
 29573 | Orc:2    | Identified the +2 pair of boots of Pathos {rPois rN+}
                  | (Okawaru gifted it to you on level 2 of the Orcish Mines)
 29573 | Orc:2    | Received a gift from Okawaru
 29677 | Orc:2    | Found Vetruas's Antique Weapon Shoppe.
 29684 | Orc:2    | Found Gobbof's Jewellery Boutique.
 29686 | Orc:2    | Found Xaudew's Jewellery Boutique.
 29700 | Orc:2    | Bought a throwing net for 39 gold pieces
 29976 | Shoals:1 | Entered Level 1 of the Shoals
 29980 | Shoals:1 | Noticed Mlioglotl
 29986 | Shoals:1 | Noticed an Executioner
 30205 | D:14     | Noticed Azrael
 30213 | D:14     | Killed Azrael
 31256 | D:14     | Identified the amulet "Veryud" {Reflect rCorr Dex+2 SH+5}
 31412 | D:14     | Found a gate to the Vaults.
 31513 | D:15     | Entered Level 15 of the Dungeon
 31636 | D:15     | Reached skill level 13 in Fighting
 31917 | D:15     | Found a radiant altar of Vehumet.
 32389 | D:15     | Found a staircase to the Depths.
 32412 | D:15     | Reached skill level 14 in Fighting
 32416 | D:15     | Reached XP level 17. HP: 152/152 MP: 26/26
 32426 | D:15     | Identified the +6 kite shield of Cetwer {Harm rC- Str+4
                  | Int+3} (Okawaru gifted it to you on level 15 of the
                  | Dungeon)
 32426 | D:15     | Received a gift from Okawaru
 32812 | Lair:3   | Killed Mlioglotl
 33001 | Shoals:1 | Reached skill level 15 in Fighting
 33577 | Shoals:1 | Reached skill level 16 in Fighting
 34003 | Shoals:2 | Reached skill level 1 in Throwing
 34016 | Shoals:2 | Identified a scroll of acquirement
 34018 | Shoals:2 | Acquired the ring "Anunuere" {rC+ Will+ rCorr Int+3 SInv}
 34676 | Shoals:3 | Received a gift from Okawaru
 34933 | Shoals:3 | Identified Roxanne's Folio of Stones
 34933 | Shoals:3 | Noticed Roxanne
 35028 | Shoals:3 | Identified the +9 chain mail of the Dwarven Hall {rF+ Str-5
                  | Int+2} (Okawaru gifted it to you on level 3 of the Shoals)
 35028 | Shoals:3 | Received a gift from Okawaru
 35353 | Shoals:3 | Reached skill level 17 in Fighting
 35871 | Shoals:3 | Killed Roxanne
 35909 | Shoals:4 | Entered Level 4 of the Shoals
 35968 | Shoals:4 | Reached skill level 5 in Throwing
 36015 | Shoals:4 | Reached XP level 18. HP: 169/170 MP: 28/28
 36248 | Shoals:4 | Got a barnacled rune of Zot
 36694 | Shoals:4 | Received a gift from Okawaru
 37389 | Spider:1 | Entered Level 1 of the Spider Nest
 37428 | Spider:1 | Reached skill level 18 in Fighting
 38232 | Spider:2 | Identified the +4 sling "Zaozutoi" {flame, Int+3}
 38625 | Spider:3 | Noticed Arachne
 38655 | Spider:2 | Reached skill level 10 in Evocations
 38765 | Spider:3 | Killed Arachne
 39245 | Spider:3 | Identified the +4 hand crossbow of octoduck's Tenacity
                  | {freeze, rF++ rC+ rCorr Dex-3} (Okawaru gifted it to you on
                  | level 3 of the Spider Nest)
 39245 | Spider:3 | Received a gift from Okawaru
 39394 | Spider:3 | Noticed Nikola
 39396 | Spider:3 | Reached skill level 19 in Fighting
 39432 | Spider:3 | Killed Nikola
 39797 | Spider:4 | Entered Level 4 of the Spider Nest
 39845 | Spider:3 | Reached XP level 19. HP: 159/183 MP: 29/29
 39911 | Spider:4 | Noticed Agnes
 39920 | Spider:4 | Killed Agnes
 40045 | Spider:4 | Received a gift from Okawaru
 40123 | Spider:4 | Reached skill level 20 in Fighting
 40155 | Spider:4 | Found a runed translucent gate.
 40156 | Spider:4 | Found a runed translucent gate.
 40157 | Spider:4 | Found a runed translucent gate.
 40560 | Spider:4 | Received a gift from Okawaru
 40775 | Spider:4 | Identified the +7 broad axe "Giantslayer" {speed, rPois}
                  | (Okawaru gifted it to you on level 4 of the Spider Nest)
 40775 | Spider:4 | Received a gift from Okawaru
 41217 | Spider:4 | Got a gossamer rune of Zot
 41674 | Spider:4 | Noticed Jimimammeo's ghost (journeyman VSFi)
 41675 | Spider:4 | Identified the +5 scimitar of Honour {antimagic, rC+ Str+4
                  | Stlth+}
 42000 | Depths:1 | Entered Level 1 of the Depths
 42000 | Depths:1 | Noticed the Enchantress
 42170 | D:15     | Killed the Enchantress
 42204 | Depths:1 | Received a gift from Okawaru
 42304 | Depths:1 | Found a gateway to Hell.
 42505 | Depths:1 | Found Wumi Ora's Magic Scroll Emporium.
 42510 | Depths:1 | Found Qoziram's Book Emporium.
 42526 | Depths:1 | Bought a manual of Dodging for 1760 gold pieces
 43124 | Depths:1 | Received a gift from Okawaru
 43141 | Depths:1 | Identified the +4 chain mail "Temo" {Dex+3}
 43212 | Depths:1 | Reached XP level 20. HP: 195/195 MP: 30/30
 43808 | Depths:2 | Reached skill level 15 in Shields
 43849 | Depths:2 | Identified the +3 demon blade "Nikhlot" {venom, +Blink Fly
                  | Will- SInv} (Okawaru gifted it to you on level 2 of the
                  | Depths)
 43849 | Depths:2 | Received a gift from Okawaru
 43858 | Depths:2 | Reached skill level 10 in Dodging
 44339 | Depths:2 | Noticed a golden dragon
 44367 | Depths:2 | Killed a golden dragon
 44684 | Depths:2 | Found a one-way gate leading to the halls of Pandemonium.
 44684 | Depths:2 | Gained mutation: You occasionally shout uncontrollably at
                  | your foes. [a neqoxec]
 44932 | Depths:2 | Found a one-way gateway to a ziggurat.
 45106 | Depths:2 | Received a gift from Okawaru
 45661 | Depths:3 | Received a gift from Okawaru
 46547 | Depths:3 | Found Uticw's Book Shop.
 46548 | Depths:3 | Found Neon's Jewellery Shoppe.
 46548 | Depths:3 | Found Xeko Goa's Jewellery Shoppe.
 46638 | Depths:3 | Found a one-way gate to the infinite horrors of the Abyss.
 47023 | Depths:4 | Entered Level 4 of the Depths
 47805 | D:11     | Bought a book of Spatial Translocations for 216 gold pieces
 47808 | D:11     | Learned a level 2 spell: Blink
 47808 | D:11     | Bought a book of Cantrips for 144 gold pieces
 47810 | D:11     | Learned a level 1 spell: Apportation
 48093 | Depths:4 | Identified the +11 dagger of Causality {freeze, Dex+3}
 48188 | Depths:4 | Noticed Vv
 48213 | Depths:4 | Killed Vv
 48214 | Depths:4 | Reached skill level 1 in Translocations
 48531 | Depths:4 | Reached XP level 21. HP: 202/202 MP: 31/31
 48577 | Depths:4 | Noticed Frederick
 48586 | Depths:4 | Killed Frederick
 48586 | Depths:4 | Received a gift from Okawaru
 48723 | Depths:4 | Received a gift from Okawaru
 49039 | Depths:4 | Reached skill level 5 in Translocations
 49365 | Depths:4 | Noticed a bone dragon
 49467 | Depths:4 | Killed a bone dragon
 49562 | Depths:4 | Noticed Boris
 49593 | Depths:4 | Killed Boris
 49700 | Depths:4 | Found a runed translucent door.
 49702 | Depths:4 | Noticed a caustic shrike
 49703 | Depths:4 | Noticed a caustic shrike
 49703 | Depths:4 | Noticed a caustic shrike
 49704 | Depths:4 | Noticed a caustic shrike
 49713 | Depths:4 | Killed a caustic shrike
 49714 | Depths:4 | Killed a caustic shrike
 49728 | Depths:4 | Killed a caustic shrike
 49728 | Depths:4 | Received a gift from Okawaru
 49731 | Depths:4 | Killed a caustic shrike
 49832 | Depths:4 | Found a gate to the Realm of Zot.
 49932 | Depths:4 | Identified the ring "Liras" {rN+ AC+4 Slay+3}
 50030 | Depths:4 | Found the +3 salamander hide armour {Flames, rFlCloud rF++
                  | rC--}
 50160 | Depths:4 | Upgraded the game from 0.30-a0-748-ge6a52f7cba to
                  | 0.30-a0-757-ga6a79fd877
 50511 | Orc:2    | Bought a ring of protection from fire for 250 gold pieces
 50598 | Elf:1    | Entered Level 1 of the Elven Halls
 50633 | Elf:1    | Paralysed by an air elemental for 1 turns
 50772 | Elf:1    | Received a gift from Okawaru
 51001 | Elf:1    | Found Dogias's Armour Shop.
 51131 | Elf:1    | Found Joacypui's General Store.
 51141 | Elf:1    | Bought a scroll of enchant armour for 142 gold pieces
 51641 | Elf:1    | Received a gift from Okawaru
 51823 | Elf:1    | Found a runed translucent door.
 51823 | Elf:1    | Noticed Foxy's ghost (adept KoEn)
 51942 | Elf:1    | Found Uquoces's Jewellery Shop.
 51948 | Elf:1    | Found Pywkaaci's Antique Armour Boutique.
 52036 | Elf:1    | Killed Foxy's ghost
 52036 | Elf:1    | Received a gift from Okawaru
 52756 | Elf:2    | Received a gift from Okawaru
 52786 | Elf:2    | Found a runed translucent gate.
 52790 | Elf:2    | Found a runed translucent gate.
 52790 | Elf:2    | Found a runed translucent gate.
 53023 | Elf:2    | Found Hionwar's General Store.
 53029 | Elf:2    | Bought a wand of digging (6) for 403 gold pieces
 53356 | Elf:3    | Entered Level 3 of the Elven Halls
 53469 | Elf:3    | Reached XP level 22. HP: 211/211 MP: 33/33
 53476 | Elf:3    | Reached skill level 15 in Invocations
 53716 | Elf:3    | Found Turoun's Antique Weapon Shoppe.
 53726 | Elf:3    | Paralysed by an air elemental for 1 turns
 54134 | Elf:3    | Acquired a manual of Air Magic
 54140 | Elf:3    | Learned a level 3 spell: Vhi's Electric Charge
 54256 | Elf:3    | Reached skill level 1 in Air Magic
 54835 | Elf:3    | Identified the +2 spear "Beastbane" {flame, rPois rF+ rC+}
 55133 | Elf:3    | Received a gift from Okawaru
 55323 | Elf:3    | Reached skill level 5 in Air Magic
 55369 | Elf:3    | Identified the +4 morningstar of Doors {flame, rElec rN+
                  | Dex-3}
 55375 | Elf:3    | Identified the +2 chain mail "Micy" {*Corrode Will- Int+3
                  | Dex+6}
 55401 | Elf:3    | Received a gift from Okawaru
 55431 | Elf:3    | Identified the +7 mace of Division {heavy, +Blink rF+ rN+
                  | Int+5}
 55457 | Elf:3    | Identified the +1 leather armour "Qask" {Rampage Fly Regen+
                  | Dex-5}
 55815 | Elf:3    | Identified the +4 morningstar of Undoing {heavy, rPois}
 56106 | Vaults:1 | Entered Level 1 of the Vaults
 56840 | Vaults:1 | Received a gift from Okawaru
 56988 | Vaults:1 | Identified the +2 rapier of the Several Loafs {venom, Str+7
                  | Int-5 Dex+2}
 57058 | Vaults:1 | Identified the +6 broad axe of an ossuary {drain, rPois rC-
                  | Will- Str+5} (Okawaru gifted it to you on level 1 of the
                  | Vaults)
 57058 | Vaults:1 | Received a gift from Okawaru
 57139 | Vaults:1 | Reached skill level 10 in Air Magic
 57816 | Vaults:1 | Received a gift from Okawaru
 58375 | Vaults:2 | Reached XP level 23. HP: 217/217 MP: 34/34
 59485 | Vaults:2 | Paralysed by a floating eye for 2 turns
 60371 | Vaults:2 | Found Xiliosh's Weapon Shoppe.
 60532 | Vaults:2 | Identified the +1 leather armour "Tuxza" {Contam Harm *Slow
                  | rElec}
 60778 | Vaults:3 | Received a gift from Okawaru
 61261 | Vaults:3 | Found a portal to a secret trove of treasure.
 61495 | Vaults:3 | Noticed Boris
 61527 | Vaults:3 | Killed Boris
 62210 | Vaults:3 | Identified the +0 scale mail "Nibreon" {rF+} (Okawaru
                  | gifted it to you on level 3 of the Vaults)
 62210 | Vaults:3 | Received a gift from Okawaru
 62560 | Vaults:3 | Found a staircase to the Crypt.
 62560 | Vaults:3 | Found an ancient bone altar of Kikubaaqudgha.
 62561 | Vaults:3 | Found a basalt altar of Yredelemnul.
 62952 | Vaults:4 | Reached XP level 24. HP: 211/224 MP: 36/36
 63788 | Vaults:4 | Reached skill level 10 in Translocations
 63880 | Vaults:4 | Noticed Bai Suzhen
 63908 | Vaults:4 | Killed Bai Suzhen
 64137 | Vaults:4 | Received a gift from Okawaru
 64264 | Vaults:4 | Found Wishruon's Jewellery Shop.
 65334 | Elf:2    | Received a gift from Okawaru
 65766 | Slime:1  | Entered Level 1 of the Pits of Slime
 65843 | Slime:1  | Paralysed by a floating eye for 3 turns
 66022 | Slime:1  | Gained mutation: You occasionally lose the ability to read
                  | scrolls when taking damage. [a shining eye]
 66023 | Slime:1  | Gained mutation: You have hidden genetic defects. [a
                  | shining eye]
 66075 | Slime:2  | Gained mutation: You have sharp toenails. [a shining eye]
 66081 | Slime:1  | Received a gift from Okawaru
 66111 | Slime:2  | Gained mutation: Armour fits poorly on your strangely
                  | shaped body. [a shining eye]
 66276 | Slime:2  | Gained mutation: Your spells are a little easier to cast,
                  | but a little less powerful. [a shining eye]
 66402 | Slime:2  | Received a gift from Okawaru
 66686 | Slime:3  | Gained mutation: You are weak. (Str -2) [a shining eye]
 66914 | Slime:4  | Received a gift from Okawaru
 66983 | Slime:5  | Entered Level 5 of the Pits of Slime
 67130 | Slime:4  | Gained mutation: You occasionally lose the ability to drink
                  | potions when taking damage. [a shining eye]
 67508 | Slime:4  | Gained mutation: You frequently scream uncontrollably at
                  | your foes. [a shining eye]
 67509 | Slime:4  | Received a gift from Okawaru
 67539 | Slime:5  | Reached XP level 25. HP: 195/233 MP: 36/36
 67547 | Slime:5  | Gained mutation: Your magical capacity is low. (-10% MP)
                  | [hidden defects]
 67568 | Slime:5  | Noticed the Royal Jelly
 68928 | Slime:5  | Found a viscous altar of Jiyva.
 69052 | Slime:5  | the Royal Jelly changed into a shard shrike shaped Royal
                  | Jelly
 69052 | Slime:5  | Noticed a shard shrike shaped Royal Jelly
 69053 | Arena    | Entered the Arena
 69062 | Arena    | Killed a shard shrike shaped Royal Jelly
 69063 | Arena    | Reached skill level 15 in Evocations
 69118 | Slime:5  | Got a slimy rune of Zot
 69137 | Slime:5  | Got the Secrets of Charming Firn
 69156 | Slime:5  | Identified the +7 rapier of Distant Shores {flame, rPois
                  | rN+}
 69171 | Slime:5  | Identified the ring "Jaqunut" {Fire rElec rN+ MP+9 Stlth+}
 69182 | Slime:5  | Identified the +10 war axe "Cecso" {freeze, rElec}
 69235 | Slime:5  | Lost mutation: Your spells are a little easier to cast, but
                  | a little less powerful. [potion of mutation]
 69235 | Slime:5  | Lost mutation: You frequently scream uncontrollably at your
                  | foes. [potion of mutation]
 69235 | Slime:5  | Lost mutation: Armour fits poorly on your strangely shaped
                  | body. [potion of mutation]
 69235 | Slime:5  | Lost mutation: You occasionally shout uncontrollably at
                  | your foes. [potion of mutation]
 69383 | Lair:2   | Lost mutation: You occasionally lose the ability to drink
                  | potions when taking damage. [potion of mutation]
 69383 | Lair:2   | Lost mutation: You have sharp toenails. [potion of
                  | mutation]
 69383 | Lair:2   | Lost mutation: You are weak. (Str -2) [potion of mutation]
 69384 | Lair:2   | Lost mutation: You occasionally lose the ability to read
                  | scrolls when taking damage. [potion of mutation]
 69384 | Lair:2   | Lost mutation: Your magical capacity is low. (-10% MP)
                  | [potion of mutation]
 69384 | Lair:2   | Lost mutation: You have hidden genetic defects. [potion of
                  | mutation]
 69384 | Lair:2   | Gained mutation: You sometimes lose your temper in combat.
                  | [potion of mutation]
 69384 | Lair:2   | Gained mutation: You are partially covered in iridescent
                  | scales. (AC +2) [potion of mutation]
 69384 | Lair:2   | Gained mutation: You are mostly covered in iridescent
                  | scales. (AC +4) [potion of mutation]
 69384 | Lair:2   | Gained mutation: Your flesh is heat resistant. (rF+)
                  | [potion of mutation]
 69690 | Vaults:5 | Entered Level 5 of the Vaults
 70490 | Vaults:5 | Identified the +6 morningstar of Infection {flame, rElec
                  | Will++ Str+3 Stlth-}
 70512 | Vaults:5 | Received a gift from Okawaru
 71063 | Vaults:5 | Received a gift from Okawaru
 72563 | Vaults:5 | Found Upittit's Magic Scroll Shop.
 72567 | Vaults:5 | Bought a scroll of enchant armour for 150 gold pieces
 72581 | Vaults:5 | Got a silver rune of Zot
 72598 | Vaults:5 | Received a gift from Okawaru
 72792 | Vaults:5 | Noticed an ancient lich
 72807 | Vaults:4 | Killed an ancient lich
 73091 | Vaults:5 | Reached XP level 26. HP: 242/242 MP: 36/36
 73162 | Vaults:5 | Learned a level 3 spell: Swiftness
 73217 | Vaults:5 | Identified the +10 shortbow of Compound Interest {drain,
                  | *Slow Will+ Int+4 Stlth+}
 73603 | Zot:1    | Entered Level 1 of the Realm of Zot
 74633 | Depths:4 | Upgraded the game from 0.30-a0-757-ga6a79fd877 to
                  | 0.30-a0-760-g5a9884bb7c
 75232 | Crypt:1  | Entered Level 1 of the Crypt
 75536 | Crypt:1  | Reached skill level 21 in Fighting
 75972 | Crypt:1  | Received a gift from Okawaru
 76760 | Vaults:3 | You paid a toll of +3 shadow dragon scales to enter a
                  | treasure trove
 76761 | Trove    | Entered a treasure trove
 76815 | Trove    | Found the amulet of Vitality {RegenMP++ Regen++}
 76817 | Trove    | Identified the amulet of Fun {RegenMP Dex+4}
 76821 | Trove    | Identified the ring of Rallayvi {Wiz Str+2}
 76823 | Trove    | Identified the ring "Rythip" {rElec rC+ Will- Str+3 Slay+4}
 76844 | Trove    | Identified the +5 long sword "Conaups" {venom, Str+3 Dex+2}
 76846 | Trove    | Identified the +3 sling of Itegup {heavy, rF+ rC+ Dex-2
                  | Stlth+}
 77266 | Crypt:2  | Reached skill level 22 in Fighting
 77788 | Crypt:2  | Found a runed translucent gate.
 77790 | Crypt:2  | Found a runed translucent gate.
 77805 | Crypt:2  | Found a runed translucent gate.
 77810 | Crypt:2  | Noticed Bavo's ghost (adept GrFi)
 77817 | Crypt:2  | Identified the +3 rapier "Rarenim" {speed, Str+3}
 77878 | Crypt:2  | Found the +7 mace of Variability {chaos, chain chaos}
 78008 | Crypt:3  | Entered Level 3 of the Crypt
 78451 | Crypt:3  | Found a runed translucent door.
 78744 | Crypt:3  | Reached skill level 23 in Fighting
 79192 | Crypt:3  | Identified the +6 chain mail of Noon {rElec rN+ Dex+2}
                  | (Okawaru gifted it to you on level 3 of the Crypt)
 79192 | Crypt:3  | Received a gift from Okawaru
 79466 | Crypt:3  | Noticed Omiorith's ghost (adept GrFi)
 79688 | Crypt:3  | Reached skill level 24 in Fighting
 79876 | Crypt:3  | Found a staircase to the Tomb.
 80111 | Crypt:3  | Noticed a dread lich
 80111 | Crypt:3  | Noticed an ancient lich
 80297 | Crypt:3  | Killed an ancient lich
 80298 | Crypt:3  | Killed a dread lich
 80387 | Crypt:3  | Got the Atlas of Ectoplasm
 80392 | Crypt:3  | Identified the +4 sling of Arrival {flame, rN+}
 80407 | Crypt:3  | Identified the +2 mace of Ylerylo Ebra {freeze, Dex+3}
 80560 | Crypt:3  | Killed Omiorith's ghost
 81038 | Spider:4 | Killed Jimimammeo's ghost
 81057 | Spider:4 | Identified the +1 hat "Uduom" {Regen+ Int-5 Dex+4}
 81970 | Zot:1    | Reached skill level 25 in Fighting
 81970 | Zot:1    | Reached XP level 27. HP: 266/266 MP: 36/36
 82787 | Zot:2    | Identified the amulet "Heituj" {Acrobat Harm Will- Dex+4}
 82792 | Zot:2    | You fall into a shaft and drop 2 floors!
 83048 | Zot:3    | Reached skill level 26 in Fighting
 83106 | Zot:3    | Received a gift from Okawaru
 83133 | Zot:3    | Noticed an orb of fire
 83139 | Arena    | Entered the Arena
 83157 | Arena    | Killed an orb of fire
 83546 | Zot:2    | Reached skill level 27 in Fighting
 84933 | Zot:3    | Acquired a manual of Translocations
 85641 | Zot:5    | Entered Level 5 of the Realm of Zot
 85673 | Zot:5    | Identified the +3 war axe "Ultimatum" {protect, rF+ rCorr
                  | Int+2} (Okawaru gifted it to you on level 5 of the Realm of
                  | Zot)
 85673 | Zot:5    | Received a gift from Okawaru
 86497 | Zot:5    | Noticed an ancient lich
 86509 | Zot:5    | Killed an ancient lich
 86522 | Zot:5    | Noticed an ancient lich
 86540 | Zot:5    | Killed an ancient lich
 86641 | Zot:5    | Received a gift from Okawaru
 86670 | Zot:5    | Noticed an orb of fire
 87008 | Zot:5    | Received a gift from Okawaru
 87043 | Zot:5    | Noticed a dread lich
 87057 | Zot:5    | Gained mutation: You occasionally lose the ability to drink
                  | potions when taking damage. [a cacodemon]
 87061 | Zot:5    | Gained mutation: You are vulnerable to cold. (rC-) [a
                  | cacodemon]
 87069 | Zot:5    | Killed a dread lich
 87151 | Zot:5    | Gained mutation: You are occasionally teleported next to
                  | monsters. [an orb of fire]
 87154 | Zot:5    | Killed an orb of fire
 87170 | Zot:5    | Learned a level 4 spell: Manifold Assault
 87347 | Zot:5    | Identified the +1 chain mail of Yfuuwiel {+Blink Stlth+}
                  | (Okawaru gifted it to you on level 5 of the Realm of Zot)
 87347 | Zot:5    | Received a gift from Okawaru
 87439 | Zot:5    | Noticed an orb of fire
 87444 | Zot:5    | Noticed a dread lich
 87472 | Zot:5    | Killed a dread lich
 87579 | Zot:5    | Noticed an ancient lich
 87595 | Zot:5    | Killed an ancient lich
 87846 | Depths:3 | Lost mutation: You are occasionally teleported next to
                  | monsters. [potion of mutation]
 87846 | Depths:3 | Lost mutation: You are vulnerable to cold. (rC-) [potion of
                  | mutation]
 87846 | Depths:3 | Gained mutation: You have an uncontrollable temper. [potion
                  | of mutation]
 87846 | Depths:3 | Gained mutation: Your spells are a little easier to cast,
                  | but a little less powerful. [potion of mutation]
 87846 | Depths:3 | Gained mutation: You have a pair of small horns on your
                  | head. [potion of mutation]
 87884 | Depths:2 | Lost mutation: Your spells are a little easier to cast, but
                  | a little less powerful. [potion of mutation]
 87884 | Depths:2 | Lost mutation: You occasionally lose the ability to drink
                  | potions when taking damage. [potion of mutation]
 87884 | Depths:2 | Gained mutation: You have a pair of horns on your head.
                  | [potion of mutation]
 87884 | Depths:2 | Lost mutation: Your flesh is heat resistant. (rF+) [potion
                  | of mutation]
 87884 | Depths:2 | Gained mutation: You passively map a small area around you.
                  | [potion of mutation]
 87996 | D:13     | Lost mutation: You have a pair of horns on your head.
                  | [potion of mutation]
 87996 | D:13     | Lost mutation: You have an uncontrollable temper. [potion
                  | of mutation]
 87996 | D:13     | Gained mutation: Your movements are slightly less
                  | encumbered by armour. (ER -2) [potion of mutation]
 87996 | D:13     | Gained mutation: You are dopey. (Int -2) [potion of
                  | mutation]
 87996 | D:13     | Gained mutation: Armour fits poorly on your strangely
                  | shaped body. [potion of mutation]
 88402 | Zot:5    | Killed an orb of fire
 88734 | Zot:5    | Got the Orb of Zot
 89264 | D:4      | Noticed Juoryhodu the pandemonium lord
 89438 | D:$      | Escaped with the Orb!

Illustrated notes

Levels and vault maps discovered:
D:1:      minmay_arrival_widening_spiral_narrow, layout_loops_ring,
          minmay_misc_feat_four_crosses
D:2:      layout_rooms, ebering_ecumenical_altar_petrified
D:3:      cheibrodos_old_hovel, layout_loops_ring,
          mainiacjoe_overflow_small_starburst,
          mainiacjoe_overflow_surrounded_room, nicolae_overflow_hidden_temple,
          nicolae_uskayaw_en_pointe, dk_noncrumbling_3, serial_bayou_lagoon_b
D:4:      layout_loops_corners, fedhas_altar_fruit_tree, okawaru_gym_becter,
          nicolae_qazlal_eye_of_the_storm, amethyst_killhole
D:5:      layout_basic, nicolae_overflow_crystal_walls,
          nicolae_overflow_two_pavilions, minmay_temple_entry_nine_rooms,
          serial_shops, nicolae_stop_n_shop_1, kennysheep_generic_room_11
D:6:      layout_rooms, hangedman_ru_absence, grunt_ministairs_4
D:7:      layout_loops_ring, serial_shops, shop, minivault_24
D:8:      layout_basic, lemuel_tele_altar, zin_purify
D:9:      layout_roguey, lemuel_mausoleum_altar_kikubaaqudgha, uniq_harold,
          uniq_grum, uniq_maggie
D:10:     due_megacathedral, layout_loops_ring, serial_shops,
          nicolae_shop_behind_doors
D:11:     layout_basic, erik_lair_dragon, serial_shops,
          nicolae_inconvenience_store, kennysheep_generic_room_4
D:12:     minmay_the_grid_triangle_9x9_recursive_3
          [minmay_the_grid_triangle_9x9_subtriangle,
          minmay_the_grid_triangle_9x9_swiss_cheese,
          minmay_the_grid_triangle_9x9_stretched_checkered,
          minmay_the_grid_triangle_9x9_prize_insulated,
          minmay_the_grid_triangle_9x9_intruding_spiral,
          minmay_the_grid_triangle_9x9_empty,
          minmay_the_grid_triangle_9x9_pentomino_pain,
          minmay_the_grid_triangle_9x9_descending_squares,
          minmay_the_grid_triangle_9x9_limited_checkers], layout_rooms,
          hiddenorc2_lemuel, uniq_maurice
D:13:     wad_mega_maze, layout_basic
D:14:     minmay_stepped, layout_loops_cross, david_vaults_1, uniq_azrael
D:15:     hangedman_depths_entry_try_elsewhere_first, layout_stronghold,
          nicolae_vehumet_radiance, minmay_evil_grid
Lair:1:   layout_chaotic_city, portal_ice_cave_entry_ice_simulacra,
          chequers_serial_rivers_small_b, grunt_megastairs_3
Lair:2:   layout_chaotic_city, nicolae_spider_entry_non_spiders,
          infiniplex_staircase_pool, uniq_erica
Lair:3:   layout_chaotic_city, nicolae_shoals_entry_roost
Lair:4:   layout_cave_pods, basic_altar
Lair:5:   hangedman_lair_caniforms_friends, layout_cave_pods,
          hangedman_lair_in_review, slime_entry_1, minivault_11,
          chequers_serial_rivers_small_3, pdpol_lair_cabin_in_the_woods
Shoals:1: layout_shoals, nicolae_shoals_dead_sea_scrolls, uniq_mlioglotl
Shoals:2: layout_shoals, nicolae_shoals_goliath_grotto
Shoals:3: layout_shoals, nicolae_shoals_pincushion_passage, uniq_roxanne
Shoals:4: shoals_end_grunt_garden, layout_shoals, nicolae_shoals_water_booths
Spider:1: layout_spider_delve
Spider:2: layout_spider_delve, nicolae_spider_solar_radiation
Spider:3: layout_spider_delve, uniq_arachne, uniq_nikola
Spider:4: johnstein_spider_rune_arachne_lair, gammafunk_ghost_tricky_traps,
          uniq_agnes
Slime:1:  layout_caves, nicolae_slime_getting_an_eyeful
Slime:2:  layout_caves
Slime:3:  layout_caves
Slime:4:  layout_caves
Slime:5
Orc:1:    layout_caves, gammafunk_ghost_cemetery, serial_shops,
          nicolae_shop_behind_doors, nicolae_orc_lava_room, uniq_erolcha
Orc:2:    st_orc_elflike, layout_caves, gammafunk_ghost_split, uniq_urug,
          uniq_donald
Elf:1:    layout_gridlike, ebering_ghost_reflecting_pool, serial_shops, shop,
          nicolae_shop_temple_entry_statues_fountains,
          hangedman_elven_crosses_minicolossus, grunt_megastairs_5,
          minmay_shoptagon
Elf:2:    nicolae_elf_blades_crystal_corner, layout_onion_city, serial_shops,
          nicolae_diamond_shop
Elf:3:    minmay_elf_hall_x, layout_geoelf_diagonals, serial_shops, shop
Vaults:1: v_rooms_1, v_alt_pattern_5, hangedman_vaults_stitches,
          hangedman_vaults_capsules, v_pattern_5, vaults_dpeg_doors,
          hangedman_vaults_cutoff, layout_vaults_omnigrid
Vaults:2: st_greater_box_2, ontoclasm_vaults_bender,
          nicolae_vaults_back_hallway, hangedman_vaults_variations,
          nicolae_vaults_windows_and_doors_thing, v_alt_pattern_3, v_misc_30,
          hangedman_vaults_restitches, hangedman_vaults_stretched_pinwheel,
          dpeg_vaults_monster_box, vaults_dpeg_ring, layout_vaults_omnicross
Vaults:3: vaults_room_semicircle, nicolae_vaults_ninety_degrees,
          nicolae_vaults_octagons, nicolae_vaults_ring_of_whatevers,
          nicolae_vaults_yaktaur_gun_rack, minmay_crypt_entry_necro_gods,
          grunt_vaults_hallway_short, hangedman_vaults_stretched_pinwheel,
          vaults_room_corners, layout_vaults_chaotic_city,
          nicolae_trove_entry_columns
Vaults:4: nicolae_vaults_little_squares_5, v_misc_30, grunt_vaults_twisty,
          v_misc_3, kb_rosetta, nicolae_vaults_network_quinsquares
          [nicolae_vaults_network_quincunx_subvault,
          nicolae_vaults_network_quincunx_subvault,
          nicolae_vaults_network_quincunx_subvault,
          nicolae_vaults_network_quincunx_subvault], v_misc_2, vaults_room_pool,
          ontoclasm_vaults_ligature, ontoclasm_vaults_twist,
          grunt_vaults_hallway_long, layout_vaults_ring, serial_shops, shop,
          uniq_bai_suzhen
Vaults:5: serial_shops
Crypt:1:  layout_chaotic_city, st_stairs_3, grunt_megastairs_2,
          grunt_crypt_arrival_webbed, lemuel_upstairs_altar
Crypt:2:  layout_regular_city, serial_sigils, serial_sigils_hangedman_gnaw,
          serial_sigils_hangedman_scar, serial_sigils_hangedman_scratch,
          serial_sigils_hangedman_carve, serial_sigils_hangedman_gut,
          serial_sigils_hangedman_writhe, gammafunk_ghost_spectres
Crypt:3:  david_glass_crypt, layout_misc_corridors, tomb_entry_simple_bobbens,
          ebering_ghost_reflecting_pool
Depths:1: layout_gridlike, pf_coc_iceberg, kennysheep_small_spiral,
          kennysheep_opposing_triangles, minmay_shop_star, uniq_enchantress
Depths:2: minmay_tri_box, layout_gridlike, enter_ziggurat_f, grunt_metal_band,
          grunt_pan_entry_zigzag
Depths:3: dreamdust_tengu_aerie, layout_gridlike, hell_entry, abyss_entry,
          infiniplex_staircase_pillars_2, minmay_shop_grove
Depths:4: grunt_zot_entry_alcove, layout_gridville, hell_entry, nicolae_titane,
          minmay_st_funbox, grunt_decor_mini_mirrors,
          hellmonk_guarded_unrand_salamander, uniq_frederick, uniq_boris,
          uniq_vv
Zot:1:    layout_basic
Zot:2:    layout_cellular_growth, zot_minivault_1
Zot:3:    kennysheep_room_grid, layout_misc_corridors
Zot:4:    layout_gridlike
Zot:5:    layout_misc_corridors

Skill      XL: |  1  2  3  4  5  6  7  8  9 10 11 12 13 14 15 16 17 18 19 20 21 22 23 24 25 26 27 |
---------------+----------------------------------------------------------------------------------+-----
Axes           | 3 4 5 7 8 10 13 16 17 20 | 20.0
Shields        | 4 5 7 13 14 16 18 19 21 24 | 24.4
Invocations    | 3 8 11 12 14 15 18 | 18.2
Armour         | 4 8 10 12 15 17 20 24 | 24.3
Fighting       | 8 11 12 14 17 19 20 25 27 | 27.0
Dodging        | 1 6 9 13 | 13.7
Evocations     | 5 7 11 12 14 16 19 | 19.0
Throwing       | 5 8 9 |  9.3
Translocations | 2 8 10 | 10.2
Air Magic      | 11 | 11.2

Action                     |  1- 3 |  4- 6 |  7- 9 | 10-12 | 13-15 | 16-18 | 19-21 | 22-24 | 25-27 || total
---------------------------+-------+-------+-------+-------+-------+-------+-------+-------+-------++-------
  Melee: War axe           |    66 |   161 |   353 |   436 |       |       |       |       |       ||  1016
         Battleaxe         |       |       |       |   371 |   863 |       |       |       |       ||  1234
         Dire flail        |       |       |       |       |    13 |       |       |       |       ||    13
         Broad axe         |       |       |       |       |   286 |  1489 |  1690 |  1863 |  3019 ||  8347
         Punch             |       |       |       |       |     7 |       |       |       |       ||     7
         Headbutt          |       |       |       |       |       |       |       |       |    38 ||    38
  Throw: Dart              |       |       |    11 |     6 |     1 |       |       |       |       ||    18
         Throwing net      |       |       |     1 |     1 |       |       |       |       |       ||     2
         Boomerang         |       |       |       |     2 |       |       |       |     3 |     4 ||     9
         Javelin           |       |       |       |       |       |    15 |    34 |    68 |   138 ||   255
   Cast: Vhi's Electric Ch |       |       |       |       |       |       |       |     2 |     1 ||     3
         Blink             |       |       |       |       |       |       |       |     1 |       ||     1
         Manifold Assault  |       |       |       |       |       |       |       |       |     7 ||     7
 Invoke: Heroism           |       |       |     2 |    12 |     2 |     4 |     4 |     3 |     6 ||    33
         Finesse           |       |       |       |     5 |     1 |     4 |     6 |     2 |     7 ||    25
         Duel              |       |       |       |       |       |       |       |       |     2 ||     2
  Evoke: Wand              |       |     5 |     7 |     4 |     7 |    11 |       |       |    20 ||    54
         Lightning rod     |       |       |       |       |       |       |       |       |     5 ||     5
         Tin of tremorston |       |       |       |       |       |       |       |       |     5 ||     5
    Use: Scroll            |     4 |     7 |     6 |     6 |     6 |     5 |     1 |     2 |    24 ||    61
         Potion            |       |       |       |     5 |     2 |       |     1 |     1 |    18 ||    27
   Stab: Petrifying        |       |       |       |       |     2 |       |       |       |       ||     2
         Petrified         |       |       |       |       |     2 |       |       |       |       ||     2
         Paralysed         |       |       |       |       |     9 |     3 |       |       |       ||    12
         Invisible         |       |       |       |       |       |     5 |       |       |     2 ||     7
         Distracted        |       |       |       |       |       |     1 |       |       |     1 ||     2
         Confused          |       |       |       |       |       |       |     3 |       |       ||     3
 Armour: Scale mail        |    29 |    19 |       |       |       |       |       |       |       ||    48
         Chain mail        |       |    46 |   172 |   198 |       |       |       |       |       ||   416
         Plate armour      |       |       |       |   199 |    37 |       |       |       |       ||   236
         Crystal plate arm |       |       |       |       |   725 |   503 |   525 |   413 |  1090 ||  3256
  Dodge: Dodged            |    23 |    54 |   109 |   188 |   368 |   229 |   214 |   190 |   522 ||  1897
  Block: Buckler           |    16 |    44 |    93 |    74 |       |       |       |       |       ||   227
         Kite shield       |       |       |       |       |    50 |  1025 |   862 |       |       ||  1937
         Reflection        |       |       |       |       |     3 |    62 |    46 |    78 |    31 ||   220
         Tower shield      |       |       |       |       |       |       |   157 |  1111 |  1984 ||  3252

Table legend: (Time is in decaauts)
 A = Elapsed time spent in this place.
 B = Non-inter-level travel time spent in this place.
 C = Inter-level travel time spent in this place.
 D = Time resting spent in this place.
 E = Time spent auto-exploring this place.
 F = Levels seen in this place.
 G = Mean time per level.
                   A        B        C        D        E       F      G
               +--------+--------+--------+--------+--------+-----+--------+
         Total |  84755 |  71728 |  13027 |  15467 |  29189 |  59 | 1436.5 |
       Dungeon |  23040 |  18116 |   4924 |   2825 |  10068 |  15 | 1536.0 |
          Lair |   8729 |   7298 |   1431 |   1700 |   3454 |   5 | 1745.8 |
        Shoals |   4319 |   3822 |    497 |    593 |   2181 |   4 | 1079.8 |
   Spider Nest |   4291 |   3864 |    427 |    740 |   1889 |   4 | 1072.8 |
    Slime Pits |   2668 |   2397 |    271 |   1170 |    182 |   5 |  533.6 |
  Orcish Mines |   2552 |   2083 |    469 |    487 |    847 |   2 | 1276.0 |
   Elven Halls |   5921 |   5196 |    725 |   1335 |   1117 |   3 | 1973.7 |
        Vaults |  12171 |  10722 |   1449 |   1780 |   2553 |   5 | 2434.2 |
         Crypt |   4683 |   4033 |    650 |    947 |   1561 |   3 | 1561.0 |
        Depths |   8871 |   7404 |   1467 |   2772 |   3143 |   4 | 2217.8 |
           Zot |   6182 |   5466 |    716 |    665 |   2109 |   5 | 1236.4 |
         Trove |    123 |    123 |      0 |      0 |      0 |   1 |  123.0 |
      Ice Cave |   1165 |   1165 |      0 |    437 |     84 |   1 | 1165.0 |
         Arena |     34 |     34 |      0 |     15 |      0 |   2 |   17.0 |
               +--------+--------+--------+--------+--------+-----+--------+

Top non-repeatable levels by time:
Vaults:5: 3385 daAuts
Depths:4: 3158 daAuts
  Lair:5: 2911 daAuts
    D:11: 2646 daAuts
Vaults:3: 2529 daAuts
    D:12: 2448 daAuts
Vaults:2: 2288 daAuts
   Elf:3: 2259 daAuts
Vaults:1: 2236 daAuts
   Zot:5: 2213 daAuts
Depths:1: 1979 daAuts
Depths:3: 1958 daAuts
    D:13: 1950 daAuts
Spider:4: 1893 daAuts
     D:9: 1889 daAuts
